Map: Lightshade LE

Players

RobSnydeR

  • Race: Terran Terran
  • League: Platinum
  • Spawn Location: 11:00

DANKCRAFT - Winner!

  • Race: Terran Terran
  • League: Diamond
  • Spawn Location: 5:00

VOD

Have the link to the VOD?

Description

Time

  • Played on: March 14, 2021, 9:49 p.m.
  • Length: 4:35
Show
View Real Time Build Order
Export as new Build Order

RobSnydeR Terran 

Build Orders: Reaper Expand 

Get SALT Encoding   

  12  0:04  SCV  
  13  0:16  SCV  
  13  0:19  Supply Depot  
  14  0:28  SCV  
  15  0:41  SCV  
  16  0:47  Barracks  
  16  0:51  Refinery  
  16  0:53  SCV  
  17  1:05  SCV  
  18  1:17  SCV  
  19  1:34  Orbital Command  
  19  1:35  Reaper  
  20  1:43  Command Center  
  20  1:59  Supply Depot  
  20  2:02  SCV  
  20  2:07  Marine  
  22  2:16  SCV  
  23  2:25  Marine  
  23  2:26  Factory  
  23  2:28  SCV  
  25  2:40  SCV  
  26  2:44  Barracks  
  26  2:45  Barracks  
  26  2:52  SCV  
  27  3:12  Barracks Tech Lab  
  27  3:13  Factory Tech Lab  
  27  3:14  Command Center  
  26  3:24  Orbital Command  
  26  3:31  Refinery  
  26  3:33  Refinery, Barracks Tech Lab  
  26  3:35  Marine  
  26  3:37  Barracks Tech Lab  
  26  3:53  Marauder  
  26  4:14  Marine  
Show
View Real Time Build Order
Export as new Build Order

DANKCRAFT Terran - Winner!

Build Orders:  

Get SALT Encoding   

  12  0:02  SCV  
  13  0:14  SCV  
  14  0:22  Supply Depot  
  14  0:26  SCV  
  14  0:28  Refinery  
  15  0:44  SCV  
  15  0:47  Barracks  
  16  0:56  SCV  
  17  1:20  Barracks  
  17  1:22  Barracks  
  17  1:34  Reaper  
  18  2:08  Reaper  
  19  2:10  Reaper x2  
  19  2:14  Barracks  
  21  2:16  Barracks  
  21  2:18  Supply Depot  
  21  2:28  Supply Depot  
  21  2:40  Reaper  
  21  2:43  Reaper  
  23  3:40  Marine x2  
  25  3:41  Marine x2  
  27  3:57  Marine  
  27  3:58  Marine  
  27  3:59  Marine x2  
  27  4:15  Marine x2  
  27  4:17  Marine  
Tags
 
Add a new tag
Caveats
  • Supply blocks, unpowered buildings, or Contaminate may cause inaccurate times.
  • Supply counts are checked every 10 seconds.